 Dungeon Crawl Stone Soup version 0.28.0 (webtiles) character file.

Game seed: 10852429698033405261

131 Buxparty the Poker (level 4, 0/39 HPs)
             Began as a Draconian Gladiator on Feb 5, 2022.
             Slain by a jackal (2 damage)
             ... on level 4 of the Dungeon.
             The game lasted 00:04:53 (2405 turns).

Buxparty the Poker (Draconian Gladiator)            Turns: 2405, Time: 00:04:54

Health: 0/39       AC:  5    Str: 18    XL:     4   Next: 91%
Magic:  4/4        EV: 13    Int:  9    God:
Gold:   98         SH:  0    Dex: 12    Spells: 3/3 levels left

rFire   . . .      SeeInvis .   a - +0 trident
rCold   . . .      Faith    .   (no shield)
rNeg    . . .      Spirit   .   (armour unavailable)
rPois   .          Reflect  .   b - +0 hat
rElec   .          Harm     .   e - scarf {repulsion}
rCorr   .          Rampage  .   (no gloves)
Will    .....                   (no boots)
Stlth   +.........              (no amulet)
HPRegen 0.13/turn               (no ring)
MPRegen 0.09/turn               (no ring)

@: repel missiles
A: AC +5, unfitting armour, cold-blooded
a: no special abilities


You were on level 4 of the Dungeon.
You visited 1 branch of the dungeon, and saw 4 of its levels.

You collected 98 gold pieces.

Inventory:

Hand Weapons
 a - a +0 trident (weapon)
Missiles
 c - 3 throwing nets (quivered)
Armour
 b - a +0 hat (worn)
 e - a scarf of repulsion (worn)
 l - +0 fire dragon scales
Jewellery
 f - a ring of protection from cold
 o - a ring of resist corrosion
Scrolls
 g - a scroll of brand weapon {unknown}
 h - a scroll of enchant weapon {unknown}
 j - 2 scrolls of identify {unknown}
 m - a scroll of acquirement {unknown}
 n - 2 scrolls of enchant armour {unknown}
Potions
 d - a potion of might {unknown}
 i - a potion of lignification {unknown}
 k - a potion of curing {unknown}
 p - a potion of mutation {unknown}


   Skills:
 + Level 3.6 Fighting
 + Level 4.1 Polearms
 - Level 1.7 Throwing
 + Level 3.6 Dodging


You had 3 spell levels left.
You didn't know any spells.
Your spell library contained the following spells:

 Spells                   Type           Power      Damage    Failure   Level
 Shock                    Conj/Air       0%         1d3       38%         1
 Blink                    Tloc           0%         N/A       52%         2
 Conjure Flame            Conj/Fire      0%         6-21      77%         3
 Ignite Poison            Fire/Tmut/Pois 0%         N/A       77%         3
 Lesser Beckoning         Tloc           0%         N/A       77%         3
 Swiftness                Air            0%         N/A       77%         3
 Airstrike                Air            0%         N/A       99%         4
 Sticky Flame             Conj/Fire      0%         2d3       99%         4
 Manifold Assault         Tloc           0%         N/A       100%        5


Dungeon Overview and Level Annotations

Branches:
Dungeon (4/15)
 Temple: D:4-7

Altars:

Shops:
D:3 (


Innate Abilities, Weirdness & Mutations

Your plain brown scales are hard. (AC +5)
You cannot fit into any form of body armour.
You are cold-blooded and may be slowed by cold attacks.


Message History

You hit the kobold.
The kobold is moderately wounded.
The jackal barely misses you. The kobold hits you with a +0 whip.
* * * LOW HITPOINT WARNING * * *
You barely miss the kobold.
The kobold is moderately wounded.
The jackal bites you.
* * * LOW HITPOINT WARNING * * *
The jackal closely misses you. The kobold misses you.
You hit the kobold. You tail-slap the kobold.
You kill the kobold!
A jackal comes into view.
The jackal closely misses you.
You closely miss the jackal.
The jackal barks!
Your punch misses the jackal. The jackal closely misses you.
The jackal misses you.
You closely miss the jackal. The jackal barely misses you.
The jackal closely misses you. The jackal bites you.
* * * LOW HITPOINT WARNING * * *
You barely miss the jackal. You tail-slap the jackal.
The jackal is heavily wounded.
The jackal bites you.
* * * LOW HITPOINT WARNING * * *
The jackal closely misses you.
The jackal bites you but does no damage.
You closely miss the jackal.
Your tail-slap misses the jackal.
The jackal is heavily wounded.
A jackal comes into view.
The jackal misses you. The jackal barely misses you.
The jackal bites you but does no damage. x2
The jackal barks!
You hit the jackal.
Your tail-slap misses the jackal.
The jackal is almost dead.
You hear a bark!
You hear an angry hiss.
A jackal comes into view.
The jackal bites you.
* * * LOW HITPOINT WARNING * * *
The jackal bites you.
You die...

##....... #.
#.......# #.. ##
.......# #..#
#.. #.....###..#
##..##......#..#
#.............##
#.........h...#
#........@h#
#...).†<.h##
........)...#
$...#....#..#
........####.#
........# #h.
######## #.. .#


You could see 4 jackals.

Vanquished Creatures
  An orc priest (D:4)
  3 adders
  4 worms (D:2)
  A dart slug (D:4)
  An orc (D:3)
  6 bats
  4 endoplasms
  A giant cockroach (D:2)
  5 goblins
  6 hobgoblins
  4 jackals (D:1)
  4 quokkas
  5 ball pythons
  2 frilled lizards
  8 kobolds
  7 rats
62 creatures vanquished.

Notes
Turn   | Place    | Note
-------+----------+-------------------------------------------
     0 | D:1      | Buxparty the Draconian Gladiator began the quest for the
                  | Orb.
     0 | D:1      | Reached XP level 1. HP: 17/17 MP: 1/1
   291 | D:1      | Reached XP level 2. HP: 21/25 MP: 2/2
   819 | D:2      | Found a faded altar of an unknown god.
   836 | D:1      | Reached XP level 3. HP: 9/30 MP: 3/3
  1284 | D:2      | Reached XP level 4. HP: 26/38 MP: 4/4
  2153 | D:3      | Found Yckealav's Antique Weapon Shoppe.
  2395 | D:4      | Reached skill level 4 in Polearms
  2405 | D:4      | Slain by a jackal

Illustrated notes

Levels and vault maps discovered:
D:1:      lightli_arrival_boilingwater, layout_loops_ring
D:2:      layout_rooms, basic_ecumenical_altar
D:3:      layout_rooms, serial_shops, nicolae_square_shop
D:4:      layout_layer_cave, minmay_temple_entry_sparse_star,
          ebering_ghost_inner_flame, minmay_misc_feat_four_crosses,
          palyth_stone_intersect, minmay_misc_feat_room, guppyfry_early_orc_mine

Skill      XL: |  1  2  3  4 |
---------------+-------------+-----
Dodging        | 3 |  3.6
Fighting       | 3 |  3.6
Polearms       | 4 |  4.1
Throwing       | |  1.7

Action                   |  1- 3 |  4- 6 || total
-------------------------+-------+-------++-------
Melee: Trident           |   106 |    72 ||   178
       Tailslap          |    11 |     9 ||    20
       Punch             |     1 |     2 ||     3
 Stab: Sleeping          |     2 |     1 ||     3
Armor: Skin              |    22 |    16 ||    38
Dodge: Dodged            |    56 |    57 ||   113
